 Dungeon Crawl Stone Soup version 0.24-a0-222-g1ac5efaa63 (webtiles) character file.

Game seed: 3417340557629488608

461 PatienceIsAVirtue the Conjurer (level 7, -7/42 HPs)
             Began as an Octopode Wizard on Mar 31, 2019.
             Mangled by Duvessa
             ... wielding a +0 short sword
              (15 damage)
             ... on level 4 of the Dungeon.
             The game lasted 00:14:52 (4976 turns).

PatienceIsAVirtue the Conjurer (Octopode Wizard)    Turns: 4976, Time: 00:14:53

Health: -7/42      AC:  1    Str:  7    XL:     7   Next: 7%
Magic:  8/13       EV: 13    Int: 22    God:
Gold:   170        SH:  0    Dex: 13    Spells: 1/14 levels left

rFire    . . .     SeeInvis .   d - +0 short sword
rCold    + . .     Gourm    .   (no shield)
rNeg     . . .     Faith    .   a - +0 hat
rPois    .         Spirit   .   (no amulet)
rElec    .         Reflect  .   e - ring of wizardry
rCorr    .         Harm     .   g - +3 ring of dexterity
MR       .....                  q - ring of protection from cold
Stlth    +++.......             (no ring)
HPRegen  0.14/turn              (no ring)
MPRegen  0.13/turn              (no ring)
                                (no ring)
                                (no ring)

@: no status effects
A: almost no armour, stealthy swim, amphibious, 8 rings, constrict 8, camouflage
1, gelatinous body 1
a: no special abilities


You were on level 4 of the Dungeon.
You were very hungry.

You visited 1 branch of the dungeon, and saw 6 of its levels.

You collected 170 gold pieces.

Inventory:

Hand Weapons
 d - a +0 short sword (weapon)
Missiles
 h - 4 javelins
 m - a throwing net (quivered)
 w - 2 tomahawks
Armour
 a - a +0 hat (worn)
Jewellery
 e - a ring of wizardry (left tentacle)
 g - a +3 ring of dexterity (right tentacle)
 q - a ring of protection from cold (on tentacle)
 v - an uncursed ring of fire
Scrolls
 b - a scroll of blinking {unknown}
 i - 2 scrolls of amnesia {unknown}
 j - 2 scrolls of remove curse {unknown}
 k - 2 scrolls of enchant weapon {unknown}
 n - a scroll of teleportation {unknown}
 r - 6 scrolls of identify {unknown}
 t - 2 scrolls of immolation {unknown}
 u - a scroll of random uselessness {unknown}
Potions
 f - 2 potions of mutation {unknown}
 l - a potion of flight {unknown}
 o - a potion of ambrosia {unknown}
 p - a potion of cancellation {unknown}
 s - a potion of might {unknown}
Comestibles
 c - 4 rations


   Skills:
 * Level 0.5 Fighting
 - Level 2.0 Dodging
 - Level 2.6 Stealth
 + Level 4.3 Spellcasting
 * Level 6.0 Conjurations
 - Level 1.0 Summonings
 - Level 1.0 Translocations
 * Level 0.9 Fire Magic


You had one spell level left.
You knew the following spells:

 Your Spells              Type           Power        Failure   Level  Hunger
a - Magic Dart            Conj           ####         1%          1    None
b - Blink                 Tloc           N/A          4%          2    #......
c - Call Imp              Summ           #.......     4%          2    #......
d - Slow                  Hex            #.......     6%          2    #......
e - Mephitic Cloud        Conj/Pois/Air  ##......     6%          3    ##.....
f - Conjure Flame         Conj/Fire      ###.....     3%          3    ##.....

Your spell library contained the following spells:

 Spells                   Type           Power        Failure   Level  Hunger


Dungeon Overview and Level Annotations

Branches:
Dungeon (6/15)
 Temple: D:4-7

Altars:
Cheibriados
Fedhas
Makhleb
Sif Muna
Uskayaw

Shops:
D:6 =

Annotations:
D:3 Sigmund
D:4 Duvessa


Innate Abilities, Weirdness & Mutations

You cannot wear most types of armour.
You are very stealthy in the water. (Stealth+)
You are amphibious.
You can wear up to eight rings at the same time.
You can use your tentacles to constrict eight enemies at once.
Your skin changes colour to match your surroundings (Stealth+).
Your rubbery body absorbs attacks. (AC +1, EV +1)


Message History

Duvessa is lightly wounded.
You constrict Duvessa.
Duvessa is engulfed in blazing flames.
Duvessa hits you with a +0 short sword!
You hit Duvessa but do no damage. You squeeze Duvessa, but do no damage.
Duvessa is moderately wounded.
You constrict Duvessa, but do no damage.
Duvessa is engulfed in blazing flames.
Duvessa hits you with a +0 short sword!
Duvessa is engulfed in blazing flames.
Duvessa hits you with a +0 short sword!
* * * LOW HITPOINT WARNING * * *
Okay, then.
You hit Duvessa but do no damage.
Duvessa is severely wounded.
You constrict Duvessa.
Duvessa is engulfed in blazing flames.
Duvessa closely misses you.
Duvessa is engulfed in blazing flames.
Duvessa closely misses you.
You hit Duvessa but do no damage.
Duvessa is almost dead.
You constrict Duvessa.
Duvessa is engulfed in blazing flames.
Duvessa hits you with a +0 short sword!
You die...

#..####.# #.......#
#.#################
#.###.............#
#.##.......######.#
#..............##.#
####.....#..##.##.#
###########.#...#.##.##
#...†e@...#.#..##.##...
.
#.#######<#....##.#####
... #.#
#######.###......
.....###w# #. #.#
###.... .......eZ#
#.###.#.# #.##.
.........# #.#.#.#.#
#....
.........#####.#.. #.#
#..#.
.............#.#.# #.#
#..##
...............#.###.#
#....


You could see Duvessa (berserk).

Vanquished Creatures
  Dowan (D:4)
  3 hounds
  A bullfrog zombie (D:4)
  2 orc wizards (D:3)
  Jessica (D:2)
  An iguana (D:4)
  Terence (D:3)
  A worker ant (D:4)
  3 gnolls
  3 adders
  2 worms
  5 dart slugs
  2 leopard geckos
  8 orcs (D:3)
  6 bats
  4 giant cockroaches
  6 goblins
  7 hobgoblins
  6 jackals (D:3)
  A quokka (D:3)
  A ball python (D:3)
  2 frilled lizards
  5 kobolds
  A quokka skeleton (D:4)
  7 rats
80 creatures vanquished.

Notes
Turn   | Place    | Note
-------+----------+-------------------------------------------
     0 | D:1      | PatienceIsAVirtue the Octopode Wizard began the quest for
                  | the Orb.
     0 | D:1      | Reached XP level 1. HP: 11/11 MP: 4/4
   191 | D:1      | Reached skill level 2 in Conjurations
   191 | D:1      | Reached XP level 2. HP: 17/17 MP: 1/6
   689 | D:1      | Learned a level 2 spell: Blink
   692 | D:1      | Learned a level 2 spell: Call Imp
   695 | D:1      | Learned a level 2 spell: Slow
   803 | D:1      | Reached XP level 3. HP: 21/21 MP: 1/7
   998 | D:1      | Reached skill level 3 in Conjurations
  1107 | D:2      | Found a burning altar of Makhleb.
  1168 | D:1      | Reached XP level 4. HP: 26/27 MP: 0/8
  1360 | D:2      | Reached skill level 4 in Conjurations
  1680 | D:2      | Noticed Jessica
  1699 | D:2      | Killed Jessica
  1699 | D:2      | Reached XP level 5. HP: 31/31 MP: 4/10
  2261 | D:2      | Found a snail-covered altar of Cheibriados.
  2264 | D:2      | Found a hide-covered altar of Uskayaw.
  2269 | D:2      | Found a deep blue altar of Sif Muna.
  2272 | D:2      | Found a blossoming altar of Fedhas.
  2444 | D:3      | Learned a level 3 spell: Mephitic Cloud
  2689 | D:3      | Reached skill level 5 in Conjurations
  2938 | D:3      | You fall through a shaft for 3 floors!
  2938 | D:6      | Found Uxziat's Jewellery Boutique.
  2944 | D:5      | Entered Level 5 of the Dungeon
  3196 | D:5      | Reached XP level 6. HP: 25/36 MP: 5/11
  3562 | D:4      | Learned a level 3 spell: Conjure Flame
  3973 | D:3      | Noticed Sigmund
  4067 | D:3      | Noticed Terence
  4085 | D:3      | Killed Terence
  4794 | D:4      | Noticed Duvessa
  4794 | D:4      | Noticed Dowan
  4872 | D:4      | Killed Dowan
  4872 | D:4      | Reached skill level 6 in Conjurations
  4872 | D:4      | Reached XP level 7. HP: 36/42 MP: 4/13
  4976 | D:4      | Mangled by Duvessa

Levels and vault maps discovered:
D:1:      scummos_arrival_star, layout_basic, serial_rivers,
          chequers_serial_rivers_small_b, chequers_serial_rivers_micro_d,
          chequers_serial_rivers_room_a, chequers_serial_rivers_large_a,
          minmay_tetromino_o4
D:2:      layout_basic, minitemple, kennysheep_cross_room,
          makhleb_heckhound_becter, uniq_jessica
D:3:      layout_basic, first_ration, uniq_terence, uniq_sigmund
D:4:      layout_basic, serial_shops, nicolae_shop_crystal, due_unseen_surprise,
          uniq_duvessa
D:5:      layout_cave_pools, chequers_temple_overflow_minitemple,
          chequers_ossuary_entry_cave
D:6:      layout_rooms, minmay_temple_entry_trees, serial_shops, shop,
          minmay_between, uniq_pikel

Skill      XL: |  1  2  3  4  5  6 |
---------------+-------------------+-----
Conjurations   | 2 3 4 5 6 |  6.0
Spellcasting   | 4 |  4.3
Fighting       | |  0.5
Dodging        | |  2.0
Stealth        | |  2.6
Summonings     | |  1.0
Translocations | |  1.0
Fire Magic     | |  0.9

Action                   |  1- 3 |  4- 6 |  7- 9 || total
-------------------------+-------+-------+-------++-------
Melee: Short sword       |     4 |    44 |     4 ||    52
       Constrict         |     1 |    13 |     1 ||    15
       Tentacles         |     1 |    11 |     2 ||    14
 Cast: Magic Dart        |    63 |   126 |     4 ||   193
       Call Imp          |       |     4 |       ||     4
       Mephitic Cloud    |       |     6 |       ||     6
       Blink             |       |     3 |       ||     3
       Conjure Flame     |       |     2 |     1 ||     3
       Slow              |       |     1 |       ||     1
 Stab: Confused          |       |     1 |       ||     1
       Sleeping          |       |     1 |       ||     1
  Eat: Chunk             |     1 |     7 |       ||     8
       Ration            |       |     1 |       ||     1
Armor: Skin              |     3 |     3 |       ||     6
Dodge: Dodged            |    13 |    38 |     2 ||    53

Table legend:
 A = Non-vault XP
 B = Vault XP
 C = Vault XP percentage of total XP
 D = Non-vault monster count
 E = Vault monster count
 F = Vault count percentage of total count
                 A         B        C        D         E       F
            +---------+---------+-------+---------+---------+-------
      Total |     479 |     180 |  27.3 |      74 |       6 |   7.5
            +---------+---------+-------+---------+---------+-------
        D:1 |      49 |      50 |  50.5 |      19 |       3 |  13.6
        D:2 |      67 |      37 |  35.6 |      15 |       1 |   6.2
        D:3 |     148 |      26 |  14.9 |      32 |       1 |   3.0
        D:4 |     201 |      67 |  25.0 |       7 |       1 |  12.5
        D:5 |      14 |       0 |   0.0 |       1 |       0 |   0.0
            +---------+---------+-------+---------+---------+-------
